 Dungeon Crawl Stone Soup version 0.15.0-13-gb296d5c (webtiles) character file.

144 CrazyArbalest the Bolt Thrower (level 5, 37/37 HPs)
             Began as a Demonspawn Hunter on Sept 2, 2014.
             Quit the game on Level 4 of the Dungeon.
             The game lasted 00:18:07 (2529 turns).

CrazyArbalest the Bolt Thrower (Demonspawn Hunter)  Turns: 2529, Time: 00:18:08

HP  37/37        AC  5     Str 12      XL: 5   Next:  5%
MP   5/5         EV  9     Int 12      God:
Gold 146         SH  0     Dex 15      Spells:  0 memorised,  4 levels left

rFire  . . .     SeeInvis .     b - +1 hand crossbow
rCold  . . .     Clarity  .     l - +0 ring mail
rNeg   . . .     rCorr    .     (no shield)
rPois  .         rRot     .     (no helmet)
rElec  .         Spirit   .     (no cloak)
SustAb .         Warding  .     (no gloves)
rMut   .         Stasis   .     (no boots)
Gourm  .                        (no amulet)
MR     .....                    (no ring)
                                (no ring)

@: not resistant to hostile enchantments, very unstealthy
A: claws 1, powered by death 1, spiny 1
a: no special abilities


You were on level 4 of the Dungeon.
You were not hungry.

You visited 1 branch of the dungeon, and saw 4 of its levels.

You collected 146 gold pieces.

Inventory:

Hand weapons
 a - a +0 flail
 b - a +1 hand crossbow (weapon)
 i - a +0 dagger of flaming
Missiles
 c - 33 bolts (quivered)
 t - 8 poisoned bolts
Armour
 d - a +0 leather armour
 l - a +0 ring mail (worn)
 v - a +0 ring mail
Comestibles
 f - 3 bread rations
 q - a slice of pizza
 x - a chunk of jackal flesh
Scrolls
 e - a scroll of noise {unknown}
 g - 2 scrolls of identify {unknown}
 h - 3 scrolls of remove curse {unknown}
 k - 2 scrolls of enchant weapon {unknown}
 s - a scroll of immolation {unknown}
 y - a scroll of fear {unknown}
Potions
 j - a potion of haste {unknown}
 m - a potion of heal wounds {unknown}
 n - a potion of magic {unknown}
 p - 2 potions of cancellation {unknown}
 r - 3 potions of curing {unknown}
Books
 o - a book of Transfigurations

   Spells                             Type                      Level
   Stoneskin                          Transmutation/Earth          2
   Ice Form                           Ice/Transmutation            4
   Statue Form                        Transmutation/Earth          6
   Dragon Form                        Transmutation                7
Miscellaneous
 u - a plain deck of defence


   Skills:
 + Level 1.2 Fighting
 * Level 1.6 Maces & Flails
 * Level 4.7 Crossbows
 + Level 1.2 Armour
 + Level 2.5 Dodging
 + Level 0.8 Stealth


You had 4 spell levels left.
You didn't know any spells.

Dungeon Overview and Level Annotations

Branches:
Dungeon (4/15)
 Temple: D:4-7

Altars:
Fedhas
Nemelex Xobeh

Annotations:
D:3 Fluffy's ghost, average HuFi


Innate Abilities, Weirdness & Mutations

You have sharp fingernails.
You can steal the life force of nearby defeated enemies.
You are partially covered in sharp spines.


Message History

Aim: an iguana You shoot a bolt.
The bolt hits the iguana!
The iguana is severely wounded.
Firing (i - inventory. (,) - cycle):
c - 34 bolts (quivered)
Press: ? - help, Shift-Dir - straight line, f/p - iguana
Aim: an iguana (severely wounded)
You shoot a bolt. The bolt hits the iguana.
You kill the iguana!
You have reached level 5!
You feel monstrous as your demonic heritage exerts itself.
Your demonic ancestry asserts itself...
Your fingernails lengthen.
Unknown command.
Unknown command.
Quiver which item? (- for none, * to show all) (? for menu, Esc to quit)
Okay, then.
Unknown command.
Unknown command.
Unknown command.
Are you sure you want to abandon this character and quit the game? (Confirm with "yes".)

#...###### ##.###.##
#.#......# ##..<#...#
#...####.###.#%#.....
########.##.##..%...#
#........%#.###.#.##
##.#####....#.#.####
..# #.###.#.## #.##
#.# #.###
###@###.###.#
#..........##
#.#.###.#.## ....(#
###.## #....(# #..##
#.....# ##.#.########
#.....# #.###........
.....# ##.#.#######.
##### ##.##


There were no monsters in sight!

Vanquished Creatures
  An iguana (D:4)
  2 adders
  A giant mite (D:3)
  2 worms
  3 giant geckos
  5 orcs
  2 ball pythons (D:2)
  8 bats
  5 giant cockroaches
  7 hobgoblins
  6 jackals (D:4)
  9 kobolds
  3 quokkas
  4 giant newts
  8 goblins
  8 rats
74 creatures vanquished.

Notes
Turn   | Place    | Note
--------------------------------------------------------------
     0 | D:1      | CrazyArbalest, the Demonspawn Hunter, began the quest for the Orb.
     0 | D:1      | Reached XP level 1. HP: 15/15 MP: 1/1
   105 | D:1      | Reached skill level 4 in Crossbows
   165 | D:1      | Gained mutation: You can steal the life force of nearby defeated enemies. [demonic ancestry]
   165 | D:1      | Reached XP level 2. HP: 21/21 MP: 2/2
   837 | D:2      | Gained mutation: You are partially covered in sharp spines. [demonic ancestry]
   837 | D:2      | Reached XP level 3. HP: 26/26 MP: 3/3
   918 | D:2      | Found a blossoming altar of Fedhas.
  1081 | D:2      | Found a sparkling altar of Nemelex Xobeh.
  1253 | D:2      | Reached skill level 1 in Maces & Flails
  1769 | D:3      | Reached XP level 4. HP: 23/32 MP: 4/4
  1792 | D:3      | Noticed Fluffy's ghost (average HuFi)
  1879 | D:3      | Reached skill level 1 in Armour
  2528 | D:4      | Gained mutation: You have sharp fingernails. [demonic ancestry]
  2528 | D:4      | Reached XP level 5. HP: 37/37 MP: 5/5
  2529 | D:4      | Quit the game

Action                   |  1- 3 |  4- 6 || total
-------------------------+-------+-------++-------
Melee: Club              |   120 |    10 ||   130
       Short sword       |    24 |       ||    24
       Flail             |       |    72 ||    72
 Fire: Hand crossbow     |    39 |     6 ||    45
  Eat: Chunk             |     3 |     3 ||     6
